 Dungeon Crawl Stone Soup version 0.31-a0-408-gb642c7f9a3 (webtiles) character file.

Game seed: 10883558080095145340

5 drugrobin the Sneak (level 1, 0/18 HPs)
             Began as a Demigod Delver on July 29, 2023.
             Slain by a black bear (4 damage)
             ... on level 4 of the Dungeon.
             The game lasted 00:03:52 (505 turns).

drugrobin the Sneak (Demigod Delver)                 Turns: 505, Time: 00:03:52

Health: 0/18       AC:  3    Str: 13    XL:     1   Next: 53%
Magic:  3/3        EV: 11    Int: 12    God:
Gold:   51         SH:  0    Dex: 15    Spells: 0/0 levels left

rFire   . . .        a - +0 hand axe
rCold   . . .        (no shield)
rNeg    . . .        h - +0 leather armour
rPois   .            (no helmet)
rElec   .            (no cloak)
rCorr   .            (no gloves)
SInv    .            (no boots)
Will    .....        (no amulet)
Stlth   +++          (no ring)
HPRegen 0.23/turn    (no ring)
MPRegen 0.08/turn

%: no passive effects
@: hasted, very quick
A: high MP 1, forlorn, divine attributes
a: no special abilities


You were on level 4 of the Dungeon.
You visited 1 branch of the dungeon, and saw 2 of its levels.

You collected 51 gold pieces.

Inventory:

Hand Weapons
 a - a +0 hand axe (weapon)
 b - a +0 broad axe
Missiles
 n - 2 darts of dispersal
Armour
 h - a +0 leather armour (worn)
Wands
 g - a wand of digging (3)
 i - a wand of polymorph (7)
 j - a wand of roots (6)
Scrolls
 c - a scroll of fog
 d - a scroll of teleportation {unknown}
 l - a scroll of enchant weapon {unknown}
 m - a scroll of identify {unknown}
 o - 2 scrolls of revelation
Potions
 e - a potion of curing {unknown}
 k - a potion of attraction {unknown}


   Skills:
 - Level 2.6 Fighting
 + Level 2.2 Axes
 - Level 1.7 Dodging
 - Level 4.5 Stealth


You couldn't memorise any spells.
You didn't know any spells.
Your spell library was empty.

Dungeon Overview and Level Annotations

Branches:
Dungeon (5/15)
 Temple: D:4-7

Annotations:
D:4 exclusions: jelly, ogre, 2 orcs and 3 orc wizards
D:5 exclusion: water moccasin


Innate Abilities, Weirdness & Mutations

You have an increased reservoir of magic. (+10% MP)
You shall have no god before yourself.
Your divine heritage dramatically boosts your attributes as you level up.


Message History

Unknown command.
You feel sick.
Unknown command.
Unknown command.
Unknown command.
An orc comes into view. It is wielding a +0 dagger.
You feel sick.
The black bear growls angrily.
You hear an angry hiss.
Unknown command.
Unknown command.
You feel sick.
An orc comes into view. It is wielding a +0 club.
The orc misses you. The adder bites you.
You see here 2 scrolls of revelation.
Unknown command.
Okay, then.
o - 2 scrolls of revelation You feel sick.
The adder closely misses you. The orc barely misses you. x2
Unknown command.
Unknown command.
Unknown command.
You feel yourself speed up.
You feel sick.
The orc shouts! x2
The adder bites you but does no damage. The orc hits you with a +0 short sword.
Unknown command.
Unknown command.
Unknown command.
Okay, then.
You feel sick.
You are no longer poisoned.
The adder bites you.
* * * LOW HITPOINT WARNING * * *
Unknown command.
Unknown command.
Unknown command.
Unknown command.
Unknown command.
The black bear bites you but does no damage.
The black bear claws you.
You die...

...# ...##
...## ##...#
## ##....###
... #.......#
.... ##.>....#
....##.....###
..........@#
.......ohS##
##.##.......#
....#..o...##
......oo##.#
.......#####
.#.#...
.......
.......


You could see a black bear, an adder and 4 orcs.

Vanquished Creatures
  A goblin (D:4)
  A hobgoblin (D:4)
  A jackal (D:4)
  2 kobolds (D:4)
5 creatures vanquished.

Notes
Turn   | Place    | Note
-------+----------+-------------------------------------------
     0 | D:5      | drugrobin the Demigod Delver began the quest for the Orb.
     0 | D:5      | Reached XP level 1. HP: 18/18 MP: 3/3
    41 | D:5      | Noticed a bullfrog
    44 | D:5      | Noticed a hound
    45 | D:5      | Noticed a water moccasin
   123 | D:4      | Noticed an ogre
   133 | D:4      | Noticed an orc wizard
   135 | D:4      | Noticed a black bear
   146 | D:4      | Noticed a jelly
   166 | D:4      | Noticed an orc wizard
   169 | D:4      | Noticed an orc wizard
   300 | D:5      | Noticed an orc wizard
   505 | D:4      | Slain by a black bear

Illustrated notes

Levels and vault maps discovered:
D:4:      layout_cave_pools, kennysheep_cross_bottleneck
D:5:      layout_rooms

Skill      XL: |  1 |
---------------+----+-----
Axes           | 2 |  2.2
Fighting       | |  2.6
Dodging        | |  1.7
Stealth        | |  4.5

Action                     || total
---------------------------++-------
  Melee: Hand axe          ||    11
    Use: Scroll            ||     2
         Potion            ||     1
 Armour: Leather armour    ||    11
  Dodge: Dodged            ||    24

Table legend: (Time is in decaauts)
 A = Elapsed time spent in this place.
 B = Non-inter-level travel time spent in this place.
 C = Inter-level travel time spent in this place.
 D = Time resting spent in this place.
 E = Time spent auto-exploring this place.
 F = Levels seen in this place.
 G = Mean time per level.
                   A        B        C        D        E       F      G
               +--------+--------+--------+--------+--------+-----+--------+
         Total |    507 |    507 |      0 |      0 |     49 |   2 |  253.5 |
       Dungeon |    507 |    507 |      0 |      0 |     49 |   2 |  253.5 |
               +--------+--------+--------+--------+--------+-----+--------+

Top non-repeatable levels by time:
     D:4: 293 daAuts
     D:5: 214 daAuts
